 Dungeon Crawl Stone Soup version 0.28-a0-465-ge2dae52223 (webtiles) character file.

Game seed: 1276569122040474154

158221 robertstho the Eclecticist (level 18, -2/128 HPs)
             Began as a Djinni Fire Elementalist on Sept 14, 2021.
             Was an Initiate of Gozag.
             Constricted to death by a tentacled monstrosity (8 damage)
             ... while paralysed by a fenstrider witch
             ... on level 4 of the Swamp.
             The game lasted 01:14:02 (25155 turns).

robertstho the Eclecticist (DjFE)                  Turns: 25155, Time: 01:14:04

Health: -2/128     AC:  7    Str:  4    XL:     18   Next: 34%
Gold:   7014       EV: -1    Int: 25    God:    Gozag SH:  0 Dex: 31

rFire   + + +      SeeInvis .   H - +0 mace of Rusabets {drain, Will+ Dex+5}
rCold   + + +      Faith    .   y - +5 kite shield of the Modern Knives {+Inv rPois Int-4 Dex+6}
rNeg    . . .      Spirit   .   T - +0 troll leather armour
rPois   ∞          Reflect  .   L - -1 helmet of Decompression {*Slow Regen+ rCorr Dex+4}
rElec   +          Harm     .   h - scarf {rC+ rF+}
rCorr   +          Rampage  .   U - +1 pair of gloves {archery}
Will    ++...                   (boots unavailable)
Stlth   +++.......              a - amulet "Uwiefron" {Acrobat rElec rC++ Regen+ Str-3}
HPRegen 3.31/turn               f - ring of protection from cold
MPRegen 0.00/turn               J - +6 ring of intelligence

@: paralysed, gold aura, flying, constricted
A: sickness immunity, fire resistance 2, cold vulnerability 1, float, innate
caster, hp casting, extra vitality 1, deterioration 1
a: Renounce Religion, Evoke Invisibility, Potion Petition, Call Merchant, Bribe
Branch


You were on level 4 of the Swamp.
You worshipped Gozag.
Gozag was greatly pleased with you.
You visited 5 branches of the dungeon, and saw 28 of its levels.
You visited the Abyss 1 time.
You visited 1 bazaar.
You also visited: Sewer and Ice Cave.

You collected 8745 gold pieces.
You spent 680 gold pieces at shops.
You paid 1051 gold pieces to Gozag.

Inventory:

Hand Weapons
 p - the +8 rapier of Intimidation {flame, Will+ Str+2 Dex+5}
   (You found it on level 3 of the Swamp)

   It burns those it strikes, dealing additional fire damage.
   Str:       It affects your strength (+2).
   Dex:       It affects your dexterity (+5).
   Will:      It increases your willpower.
 s - the +3 spear of Awkwardness {freeze, rC+ Int+6}
   (You found it on level 4 of the Swamp)

   It freezes those it strikes, dealing additional cold damage.
   It can also slow down cold-blooded creatures.
   Int:       It affects your intelligence (+6).
   rC:        It protects you from cold.
 H - the +0 mace of Rusabets (weapon) {drain, Will+ Dex+5}
   (You found it on level 6 of the Dungeon)

   A truly terrible weapon, it drains the life of any living foe it strikes.
   Dex:       It affects your dexterity (+5).
   Will:      It increases your willpower.
Armour
 h - a scarf of resistance (worn)
 y - the +5 kite shield of the Modern Knives (worn) {+Inv rPois Int-4 Dex+6}
   (You found it on level 14 of the Dungeon)

   Int:       It affects your intelligence (-4).
   Dex:       It affects your dexterity (+6).
   rPois:     It protects you from poison.
   +Inv:      It lets you turn invisible.
 L - the -1 helmet of Decompression (worn) {*Slow Regen+ rCorr Dex+4}
   (You found it on level 6 of the Dungeon)

   Dex:       It affects your dexterity (+4).
   Regen:     It increases your rate of health regeneration.
   rCorr:     It protects you from acid and corrosion.
   *Slow:     It may slow you when you take damage.
 T - a +0 troll leather armour (worn)
 U - a +1 pair of gloves of archery (worn)
Jewellery
 a - the amulet "Uwiefron" (around neck) {Acrobat rElec rC++ Regen+ Str-3}
   (You acquired it on level 8 of the Dungeon)

   [amulet of the acrobat]

   It increases your evasion while moving and waiting.
   Str:       It affects your strength (-3).
   rC:        It greatly protects you from cold.
   rElec:     It insulates you from electricity.
   Regen:     It increases your rate of health regeneration.
 f - a ring of protection from cold (left hand)
 l - a ring of willpower
 w - a ring of ice
 J - a +6 ring of intelligence (right hand)
 R - a ring of willpower
 S - a ring of protection from cold
Wands
 e - a wand of digging (26)
 g - a wand of flame (13)
 j - a wand of iceblast (14)
 m - a wand of paralysis (4)
 I - a wand of acid (61)
 Y - a wand of mindburst (19)
Scrolls
 b - 5 scrolls of immolation {unknown}
 c - 4 scrolls of enchant armour {unknown}
 d - 4 scrolls of fear {unknown}
 k - 3 scrolls of summoning
 n - a scroll of torment {unknown}
 o - a scroll of holy word
 r - 6 scrolls of fog
 u - 2 scrolls of vulnerability
 z - 5 scrolls of brand weapon
 C - 5 scrolls of teleportation
 K - a scroll of silence {unknown}
 M - 8 scrolls of enchant weapon
 N - 4 scrolls of blinking
 X - 2 scrolls of magic mapping
Potions
 i - 4 potions of brilliance
 q - 9 potions of heal wounds
 t - 2 potions of resistance
 v - 3 potions of berserk rage
 x - 2 potions of haste
 A - a potion of degeneration {unknown}
 B - 4 potions of cancellation {unknown}
 D - 4 potions of invisibility
 E - 3 potions of magic {unknown}
 F - a potion of mutation {unknown}
 G - 7 potions of attraction {unknown}
 O - 5 potions of curing
 W - 4 potions of ambrosia
 Z - 2 potions of might


   Skills:
 * Level 11.6 Fighting
 + Level 3.8 Maces & Flails
 + Level 4.1 Armour
 + Level 6.1 Dodging
 + Level 3.8 Stealth
 + Level 2.6 Shields
 * Level 20.0 Spellcasting


You had 13 spell levels left.
You knew the following spells:

 Your Spells              Type           Power      Damage    Failure   Level
a - Foxfire               Conj/Fire      100%       2x1d9     0%          1
b - Scorch                Fire           100%       2d10      0%          2
c - Conjure Flame         Conj/Fire      90%        6-21      0%          3
d - Inner Flame           Hex/Fire       90%        N/A       0%          3
e - Flame Wave            Conj/Fire      90%        3d15      1%          4
f - Animate Skeleton      Necr           100%       N/A       0%          1
g - Blink                 Tloc           N/A        N/A       0%          2
h - Ensorcelled Hibernat  Hex/Ice        100%       N/A       0%          2
i - Dispel Undead         Necr           90%        3d29      1%          4
j - Borgnjor's Vile Clut  Necr/Erth      45%        N/A       1%          5
k - Silence               Hex/Air        45%        N/A       1%          5
l - Simulacrum            Ice/Necr       45%        N/A       1%          6
m - Invisibility          Hex            45%        N/A       1%          6
Your spell library was empty.

Dungeon Overview and Level Annotations

Branches:
Dungeon (15/15)            Temple (1/1) D:7            Lair (6/6) D:8
  Swamp (4/4) Lair:4        Snake (0/4) Lair:3        Slime (0/5) Lair:6
    Orc (2/2) D:9          Vaults (0/5) D:14         Depths (0/5) D:15
  Sewer (visited)           IceCv (visited)
    Elf: Orc:2

Altars:
Ashenzari
Cheibriados
Dithmenos
Elyvilon
Fedhas
Gozag
Hepliaklqana
Kikubaaqudgha
Makhleb
Nemelex Xobeh
Okawaru
Qazlal
Ru
Sif Muna
Trog
Uskayaw
Vehumet
Wu Jian
Xom
Yredelemnul
Zin
The Shining One
Jiyva

Shops:
D:11 [   D:15 [

Portals:
Trove: D:12 (show slimy rune of Zot)

Annotations:
D:9 3 runed translucent doors, SkeletonJelly's ghost, novice GrCA
D:10 3 runed translucent doors, Atlas's ghost, journeyman DgVM; SkeletonJelly's ghost, novice DECA; serber55's ghost, journeyman DsAK; sleeves's ghost, journeyman HuEE
D:14 exclusion: orange crystal statue
D:15 Louise


Innate Abilities, Weirdness & Mutations

You are immune to sickness and miasma.
You are immune to poison.
Your flesh is very heat resistant. (rF++)
You are vulnerable to cold. (rC-)
You float through the air rather than walking.
You learn spells naturally, not from books.
Your magical power is your life essence.
You have superior vitality. (+4 HP)
Your body sometimes deteriorates upon taking damage.


Message History

The eleionoma is burned terribly!
You kill the eleionoma!
The mangrove smoulders and burns.
A hellwing, a blizzard demon and 2 fenstrider witches come into view.
The zombie hands constrict the spriggan air mage!!
You kill the spriggan air mage!
You hear a splash.
The fenstrider witch shouts!
The fenstrider witch casts a spell at you.
The toxic sludge misses you.
The fenstrider witch gestures at you while chanting.
You suddenly lose the ability to move!
A death drake comes into view.
The hellwing swoops through the air toward you!
The hellwing hits you! The hellwing hits you.
The tentacled monstrosity tentacle-slaps you but does no damage.
The tentacled monstrosity tentacle-slaps you! x2
The tentacled monstrosity grabs you.
The tentacled monstrosity constricts you!
The death drake is engulfed in blazing flames.
The fenstrider witch is engulfed in blazing flames.
The hellwing hits you! The hellwing hits you.
The tentacled monstrosity tentacle-slaps you!
* * * LOW HITPOINT WARNING * * *
The tentacled monstrosity tentacle-slaps you but does no damage. x2
The tentacled monstrosity constricts you!
* * * LOW HITPOINT WARNING * * *
The death drake bites you but does no damage.
The fenstrider witch is engulfed in blazing flames.
The hellwing hits you.
* * * LOW HITPOINT WARNING * * *
The hellwing hits you.
* * * LOW HITPOINT WARNING * * *
The tentacled monstrosity tentacle-slaps you.
* * * LOW HITPOINT WARNING * * *
The tentacled monstrosity tentacle-slaps you but does no damage.
The tentacled monstrosity tentacle-slaps you!
* * * LOW HITPOINT WARNING * * *
The tentacled monstrosity constricts you!
You die...
Your body crumbles into a pile of gold.

♣..Y≈..≈#♣).≈.##≈.##♣##..##.≈.≈♣#
§≈......#§...≈♣#≈.≈♣#♣)≈≈#♣..≈≈≈#
§≈≈≈..♣#.≈...≈≈##♣≈≈[≈§♣##≈≈§≈≈≈≈
≈§≈≈≈.♣#≈≈≈♣≈≈..##≈.≈≈≈##.≈.≈≈♣≈≈
≈≈≈≈≈.♣#.≈≈≈.≈≈##♣≈≈.≈≈♣##..≈≈≈≈.
≈.≈≈)≈♣#≈≈≈≈♣####♣.≈8.≈♣ ###♣≈≈..
≈.≈≈.≈≈#§≈♣###≈§#≈.≈♣§.≈# ##♣≈≈
≈≈.≈§≈≈#♣♣##)..≈4#♣♣♣♣♣#≈≈. #♣♣
..≈..≈≈## #####@# ≈## #
..§...≈≈#♣≈§≈.≈XH# ≈ #
≈§≈<.≈§≈#♣≈.≈§§§k# $ #
≈≈≈≈.≈≈♣##♣$≈♣.≈2H ##
≈≈≈≈≈.≈≈≈#♣$ .≈≈.♣ #. ≈≈≈§.≈≈.≈##
≈.≈..♣ ##≈ .≈≈≈≈.≈.≈♣ #♣.≈..♣
##§. .....<.≈≈♣ #♣.≈≈≈ ##≈..
.♣≈≈≈≈≈≈≈♣ ##.≈≈.


You could see a tentacled monstrosity, a death drake, a blizzard demon, 2
fenstrider witches and a hellwing.

Vanquished Creatures
  Gastronok (Lair:1)
  A thorn hunter (Swamp:4)
  3 fenstrider witches (Swamp:4)
  A ghoul (Swamp:4)
  6 bunyips
  Azrael (D:12)
  2 shambling mangroves (Swamp:4)
  3 eleionomae
  Harold (D:7)
  2 ice dragons
  Erolcha (Orc:1)
  14 hydras
  2 ghost crabs
  2 spriggan air magi (Swamp:4)
  2 catoblepae
  4 centaur warriors
  2 ogre magi
  6 alligators
  7 two-headed ogres
  An anaconda (Swamp:4)
  12 death yaks
  4 tengu warriors
  2 spriggan berserkers (Swamp:4)
  A vampire mage (D:15)
  A titan zombie (D:15)
  Sonja (D:13)
  5 hell knights (Abyss:3)
  5 spriggans
  Nergalle (Lair:2)
  6 skeletal warriors
  7 goliath frogs
  2 cherubim (D:15)
  A golden dragon zombie (D:15)
  4 swamp dragons
  3 death drakes
  6 spriggan druids
  7 bog bodies
  3 lindwurms (Lair:6)
  A glowing orange brain (Abyss:3)
  Pikel (D:6)
  A wizard (Swamp:4)
  3 deep elf pyromancers
  2 deep elf zephyrmancers
  2 necromancers
  2 will-o-the-wisps
  2 orc sorcerers (Swamp:4)
  6 manticores
  A cyclops (D:15)
  6 ugly things
  2 vault sentinels (D:10)
  13 elephants
  Maurice (D:9)
  5 black mambas
  A gargoyle (D:13)
  2 orange demons (Swamp:4)
  A guardian serpent (Lair:3)
  3 ice statues (IceCv)
  8 cane toads
  7 torpor snails
  Psyche (D:9)
  An unseen horror (D:5)
  2 kobold demonologists (D:11)
  A rime drake (Lair:1)
  An unseen horror (shapeshifter) (D:13)
  3 freezing wraiths
  A tormentor (Abyss:3)
  An anaconda simulacrum (IceCv)
  9 komodo dragons
  An entropy weaver simulacrum (IceCv)
  A hellwing (Swamp:4)
  4 polar bears
  Prince Ribbit (D:7)
  17 hornets
  9 trolls
  Grinder (D:3)
  4 bloated husks
  11 tyrant leeches
  9 blink frogs
  12 slime creatures
  14 dream sheep
  A deep troll zombie (D:15)
  A centaur simulacrum (D:15)
  2 shadows
  2 vampires
  5 wyverns
  3 wraiths
  3 water elementals (D:15)
  49 yaks
  A human (shapeshifter) (D:15)
  7 basilisks
  2 chaos spawn (Swamp:4)
  3 neqoxecs (Swamp:4)
  A basilisk (shapeshifter) (D:14)
  4 fire elementals (D:12)
  2 steam dragons (D:8)
  2 death yak simulacra (IceCv)
  10 vampire mosquitoes
  13 swamp worms
  3 wargs
  2 acid dragons
  4 hell hounds (D:12)
  22 water moccasins
  2 ice beasts
  A tengu skeleton (D:15)
  5 swamp drakes
  9 orc warriors
  A sky beast (D:7)
  A tengu (shapeshifter) (D:14)
  11 wolves (Lair:6)
  5 ogres
  5 boggarts (D:14)
  4 necrophages
  5 centaurs
  4 lemures (D:6)
  9 kobold brigands
  17 bullfrogs
  A wyvern zombie (D:9)
  A scorpion (D:5)
  An elephant simulacrum (IceCv)
  6 killer bees (D:9)
  12 wights
  10 howler monkeys
  3 electric eels
  A quasit (Abyss:3)
  5 centaur zombies
  2 hounds
  A bullfrog skeleton (D:7)
  12 orc priests
  Jessica (D:2)
  3 iguanas
  14 orc wizards
  Ijyb (D:3)
  Terence (D:3)
  2 polar bear simulacra (IceCv)
  2 killer bee zombies (D:7)
  A wolf simulacrum (IceCv)
  Robin (D:2)
  4 gnolls (D:4)
  6 adders
  A river rat (Sewer)
  An ufetubus (D:6)
  8 worms
  7 dart slugs
  45 orcs
  4 bats
  4 endoplasms
  7 giant cockroaches
  16 hobgoblins
  5 jackals
  5 quokkas
  13 ball pythons
  4 frilled lizards
  11 goblins
  A jackal skeleton (D:4)
  17 kobolds
  5 rats
  A bush (Lair:5)
774 creatures vanquished.

Vanquished Creatures (collateral kills)
  39 foxfires
39 creatures vanquished.

Vanquished Creatures (others)
  A dancing weapon (D:15)
  A spriggan druid (Swamp:3)
  A shadow (D:12)
  5 briar patches (Swamp:4)
  A bush (Lair:5)
  2318 foxfires
  37 fungi
  75 plants
  9 withered plants
2448 creatures vanquished.

Grand Total: 3261 creatures vanquished

Notes
Turn   | Place    | Note
-------+----------+-------------------------------------------
     0 | D:1      | robertstho the Djinni Fire Elementalist began the quest for
                  | the Orb.
     0 | D:1      | Reached XP level 1. HP: 15/15 MP: 0/0
   429 | D:1      | Reached XP level 2. HP: 13/21 MP: 0/0
  1236 | D:2      | Reached skill level 3 in Spellcasting
  1239 | D:2      | Reached XP level 3. HP: 19/26 MP: 0/0
  1239 | D:2      | Learned a level 1 spell: Animate Skeleton
  1350 | D:2      | Found a faded altar of an unknown god.
  1352 | D:2      | Noticed a golden eye
  1358 | D:2      | Noticed a great orb of eyes
  1511 | D:2      | Reached skill level 1 in Fighting
  1576 | D:2      | Noticed a great orb of eyes
  1614 | D:2      | Noticed Robin
  1649 | D:2      | Killed Robin
  1650 | D:2      | Reached XP level 4. HP: 8/32 MP: 0/0
  1654 | D:2      | Noticed a floating eye
  2596 | D:2      | Noticed Jessica
  2601 | D:2      | Killed Jessica
  2602 | D:2      | Reached XP level 5. HP: 33/37 MP: 0/0
  2602 | D:2      | Learned a level 2 spell: Blink
  2639 | D:2      | Found an iron altar of Okawaru.
  2876 | D:3      | Found a sacrificial altar of Ru.
  2881 | D:3      | Found a shimmering altar of Xom.
  3057 | D:3      | Noticed Grinder
  3065 | D:3      | Paralysed by Grinder for 2 turns
  3072 | D:3      | Paralysed by Grinder for 3 turns
  3078 | D:3      | Killed Grinder
  3079 | D:3      | Reached skill level 1 in Maces & Flails
  3079 | D:3      | Reached skill level 4 in Spellcasting
  3079 | D:3      | Reached XP level 6. HP: 15/43 MP: 0/0
  3156 | D:3      | Noticed Ijyb
  3172 | D:3      | Killed Ijyb
  3225 | D:3      | Noticed Terence
  3416 | D:3      | Reached XP level 7. HP: 47/49 MP: 0/0
  3416 | D:3      | Learned a level 2 spell: Ensorcelled Hibernation
  3649 | D:3      | Killed Terence
  3950 | D:4      | Reached skill level 5 in Spellcasting
  4169 | D:4      | Reached XP level 8. HP: 55/55 MP: 0/0
  4371 | D:4      | Reached skill level 6 in Spellcasting
  4521 | D:4      | Found a stormy altar of Qazlal.
  4953 | D:5      | Entered Level 5 of the Dungeon
  5066 | D:5      | Killed an unseen horror
  5067 | D:5      | Reached skill level 7 in Spellcasting
  5241 | D:5      | Noticed a two-headed ogre
  5253 | D:5      | Reached XP level 9. HP: 55/61 MP: 0/0
  5253 | D:5      | Learned a level 4 spell: Dispel Undead
  5259 | D:5      | Killed a two-headed ogre
  5260 | D:5      | Reached skill level 8 in Spellcasting
  5446 | D:5      | Found a glowing drain.
  5450 | Sewer    | Entered a sewer
  6099 | D:6      | Identified the +0 mace of Rusabets {drain, Will+ Dex+5}
  6133 | D:6      | Noticed Pikel
  6151 | D:6      | Killed Pikel
  6152 | D:6      | Reached skill level 9 in Spellcasting
  6152 | D:6      | Reached XP level 10. HP: 58/69 MP: 0/0
  6538 | D:6      | Identified the -1 helmet of Decompression {*Slow Regen+
                  | rCorr Dex+4}
  6909 | D:7      | Noticed Harold
  6923 | D:7      | Killed Harold
  6924 | D:7      | Reached skill level 10 in Spellcasting
  7003 | D:7      | Found a staircase to the Ecumenical Temple.
  7056 | Temple   | Entered the Ecumenical Temple
  7512 | D:7      | Noticed Prince Ribbit
  7518 | D:7      | Killed Prince Ribbit
  7586 | D:7      | Reached skill level 5 in Fighting
  7793 | D:8      | Reached XP level 11. HP: 75/75 MP: 0/0
  7793 | D:8      | Learned a level 5 spell: Borgnjor's Vile Clutch
  7797 | D:8      | Noticed an elephant
  7807 | D:8      | Killed an elephant
  7817 | D:8      | Reached skill level 11 in Spellcasting
  7860 | D:8      | Found a staircase to the Lair.
  8463 | D:8      | Identified the +2 leather armour of Toluadug {rElec}
  8565 | D:8      | Identified a scroll of acquirement
  8571 | D:8      | Acquired the amulet "Uwiefron" {Acrobat rElec rC++ Regen+
                  | Str-3}
  8597 | Lair:1   | Entered Level 1 of the Lair of Beasts
  8681 | Lair:1   | Noticed Gastronok
  8693 | Lair:1   | Killed Gastronok
  8694 | Lair:1   | Reached skill level 12 in Spellcasting
  9435 | Lair:2   | Reached XP level 12. HP: 83/83 MP: 0/0
  9537 | Lair:2   | Noticed Nergalle
  9547 | Lair:2   | Killed Nergalle
  9623 | Lair:2   | Noticed a four-headed hydra
  9633 | Lair:2   | Killed a four-headed hydra
  9671 | Lair:2   | You are sucked into a shaft and drop 2 floors!
  9682 | Lair:4   | Reached skill level 13 in Spellcasting
 10083 | Lair:4   | Found a staircase to the Swamp.
 11245 | D:9      | Noticed Psyche
 11251 | D:9      | Killed Psyche
 11285 | D:9      | Reached XP level 13. HP: 90/90 MP: 0/0
 11285 | D:9      | Learned a level 5 spell: Silence
 11310 | D:9      | Found a runed translucent gate.
 11311 | D:9      | Found a staircase to the Orcish Mines.
 11311 | D:9      | Found a runed translucent gate.
 11312 | D:9      | Found a runed translucent gate.
 11313 | D:9      | Noticed SkeletonJelly's ghost (novice GrCA)
 11405 | D:9      | Noticed Maurice
 11414 | D:9      | Killed Maurice
 11636 | D:9      | Found an opulent altar of Gozag.
 11639 | D:9      | Found a sparkling altar of Nemelex Xobeh.
 11642 | D:9      | Found a bloodstained altar of Trog.
 11798 | D:9      | Became a worshipper of Gozag Ym Sagoz the Greedy
 11886 | D:10     | Entered Level 10 of the Dungeon
 12021 | Lair:5   | Reached skill level 14 in Spellcasting
 12506 | Lair:5   | Reached skill level 1 in Armour
 12527 | Lair:5   | Reached skill level 15 in Spellcasting
 12933 | Lair:6   | Entered Level 6 of the Lair of Beasts
 12933 | Lair:6   | Noticed an eight-headed hydra
 12940 | Lair:6   | Killed an eight-headed hydra
 12941 | Lair:6   | Reached XP level 14. HP: 96/98 MP: 0/0
 12951 | Lair:6   | Found a staircase to the Slime Pits.
 12951 | Lair:6   | Found a viscous altar of Jiyva.
 13358 | Lair:6   | Reached skill level 16 in Spellcasting
 13476 | Lair:6   | Identified the +1 pair of boots "Muugran" {*Corrode Int+7
                  | Slay+2}
 13784 | Lair:6   | Found a runed translucent door.
 14513 | Lair:3   | Found a staircase to the Snake Pit.
 14538 | Lair:3   | Reached XP level 15. HP: 105/105 MP: 0/0
 14538 | Lair:3   | Learned a level 6 spell: Simulacrum
 15685 | Orc:1    | Entered Level 1 of the Orcish Mines
 15773 | Orc:1    | Noticed Erolcha
 15784 | Orc:1    | Killed Erolcha
 15785 | Orc:1    | Reached skill level 5 in Dodging
 15976 | Orc:2    | Entered Level 2 of the Orcish Mines
 16369 | D:10     | Found a snail-covered altar of Cheibriados.
 16389 | D:10     | Identified the +0 plate armour "Gusul" {*Slow rPois Str+3
                  | Int+4}
 16499 | D:10     | Found a runed translucent gate.
 16499 | D:10     | Found a runed translucent gate.
 16499 | D:10     | Found a runed translucent gate.
 16504 | D:10     | Noticed serber55's ghost (journeyman DsAK)
 16504 | D:10     | Noticed Atlas's ghost (journeyman DgVM)
 16505 | D:10     | Noticed sleeves's ghost (journeyman HuEE)
 16505 | D:10     | Noticed SkeletonJelly's ghost (novice DECA)
 16918 | D:10     | Found the +18 shield of the Gong {rElec rN+ Will+ EV-5}
 17766 | D:11     | Bought a +1 pair of gloves of archery for 264 gold pieces
 17825 | D:12     | Reached skill level 17 in Spellcasting
 17872 | D:12     | Found a frozen archway.
 17912 | IceCv    | Entered an ice cave
 18403 | D:12     | Identified the +1 leather armour of the Raven {rC+ SInv}
 18565 | D:12     | Noticed Azrael
 18763 | D:12     | Found a portal to a secret trove of treasure.
 18788 | D:12     | Killed Azrael
 18789 | D:12     | Reached skill level 10 in Fighting
 19607 | D:13     | Reached XP level 16. HP: 113/113 MP: 0/0
 19733 | D:13     | Noticed Sonja
 19742 | D:13     | Killed Sonja
 20184 | D:14     | Found a gateway to a bazaar.
 20193 | Bazaar   | Entered a bazaar
 20193 | Bazaar   | Found Siempuru's Armour Shoppe.
 20193 | Bazaar   | Found Tifi's Armour Boutique.
 20193 | Bazaar   | Found Quzy's Book Shoppe.
 20193 | Bazaar   | Found Qaeg's Book Shop.
 20249 | Bazaar   | Bought a scarf of resistance for 416 gold pieces
 20421 | D:14     | Identified the +5 kite shield of the Modern Knives {+Inv
                  | rPois Int-4 Dex+6}
 20926 | D:14     | Identified the +9 flail "Iniexaquir" {flame, Str+4 Dex+3}
 20935 | D:14     | Found a gate to the Vaults.
 21029 | D:15     | Entered Level 15 of the Dungeon
 21250 | D:15     | Found Gytetetub's Antique Armour Emporium.
 21332 | D:15     | Reached skill level 18 in Spellcasting
 21656 | D:15     | Found a staircase to the Depths.
 21868 | D:15     | Found a snail-covered altar of Cheibriados.
 21966 | D:15     | Reached skill level 1 in Shields
 22209 | D:15     | Noticed Louise
 22220 | D:15     | Cast into level 3 of the Abyss (Louise)
 22339 | D:15     | Escaped the Abyss
 22595 | Swamp:1  | Entered Level 1 of the Swamp
 22674 | Swamp:1  | Reached XP level 17. HP: 120/120 MP: 0/0
 22674 | Swamp:1  | Learned a level 6 spell: Invisibility
 23338 | Swamp:2  | Reached skill level 19 in Spellcasting
 23643 | Swamp:3  | Identified the +8 rapier of Intimidation {flame, Will+
                  | Str+2 Dex+5}
 24202 | Swamp:4  | Entered Level 4 of the Swamp
 24523 | Swamp:4  | Noticed a thorn hunter
 24525 | Swamp:4  | Identified the +3 spear of Awkwardness {freeze, rC+ Int+6}
 24534 | Swamp:4  | Killed a thorn hunter
 24574 | Swamp:4  | Gained mutation: Your body sometimes deteriorates upon
                  | taking damage. [a neqoxec]
 24631 | Swamp:4  | Reached XP level 18. HP: 121/128 MP: 0/0
 25125 | Swamp:4  | Reached skill level 20 in Spellcasting
 25150 | Swamp:4  | Noticed a tentacled monstrosity
 25151 | Swamp:4  | Paralysed by a fenstrider witch for 7 turns
 25155 | Swamp:4  | HP: 6/128 [tentacled monstrosity (10)]
 25155 | Swamp:4  | Constricted to death by a tentacled monstrosity

Illustrated notes

Levels and vault maps discovered:
D:1:      sevenhm_arrival_forest_fort_large_2, layout_rooms, st_stairs_7
D:2:      layout_basic, hellmonk_ecumenical_altar_watching_god, basic_altar,
          uniq_robin, uniq_jessica
D:3:      minmay_razor_zed, layout_basic, mainiacjoe_overflow_large_starburst,
          chequers_jeans, chequers_garden, glass_columns_b,
          chequers_serial_rivers_room_a, uniq_grinder, uniq_ijyb, uniq_terence
D:4:      layout_layer_cave, nicolae_qazlal_scattered_showers
D:5:      layout_loops_ring, gup_sewer_entry_spiral, kennysheep_generic_room_2
D:6:      layout_loops_corners, uniq_pikel
D:7:      minmay_clustersquares, layout_loops_cross,
          minmay_temple_entry_junction, nrook_pool_corridor, uniq_harold,
          uniq_prince_ribbit1
D:8:      layout_loops_cross, david_lair_generic
D:9:      layout_cave_pools, grunt_temple_overflow_cloverleaf, orc_0_dummy,
          gammafunk_ghost_spectres, guppyfry_early_elven_hall, uniq_psyche,
          uniq_maurice
D:10:     layout_roguey, mainiacjoe_overflow_chevrons, gammafunk_ghost_cemetery,
          hellmonk_guarded_unrand_gong
D:11:     layout_basic
D:12:     layout_basic, portal_ice_cave_entry_animals_and_master, enter_trove_6,
          uniq_azrael
D:13:     layout_grid_maze, uniq_sonja
D:14:     layout_basic, skrybe_vaults_entry_preservation, serial_shops,
          bzr_entry_water, kennysheep_small_spiral, minivault_16
D:15:     gammafunk_depths_entry_grave, layout_basic, cheibriados_altar_1,
          serial_shops, nicolae_shop_overgrown_old_shop, pf_eden, uniq_louise
Temple:   minmay_temple_curvy_branch
Lair:1:   layout_hall_layers, grunt_megastairs_2, uniq_gastronok
Lair:2:   layout_small_grid, st_stairs_3, infiniplex_staircase_pool,
          grunt_megastairs_4, uniq_nergalle
Lair:3:   layout_regular_city, minmay_snake_entry_spellcaster
Lair:4:   layout_cave_pods, minmay_swamp_entry_worms
Lair:5:   layout_regular_city, serial_forest, infiniplex_forest_clump_double,
          infiniplex_forest_clump_curved, infiniplex_forest_lined_room_2,
          infiniplex_forest_straight_3, infiniplex_forest_lined_room_2,
          infiniplex_forest_lined_room_2, infiniplex_forest_clump_cross,
          infiniplex_forest_lined_2, infiniplex_forest_straight_5,
          infiniplex_forest_clump_small, infiniplex_staircase_pool_2
Lair:6:   wormcave, layout_gridlike, hangedman_lair_in_review, slime_altar_1,
          minmay_stone_trees_small
Swamp:1:  layout_basic_swamp, evilmike_swamp_ruin_house_5
Swamp:2:  layout_falls_marsh, evilmike_swamp_ruin_house_6, swamp_pool2
Swamp:3:  layout_basic_swamp, evilmike_swamp_ruin_house_1, swamp_pool5
Swamp:4:  nzn_swamp_witches_coven, layout_basic_swamp, swamp_pool2,
          nicolae_swamp_snake_nest
Orc:1:    layout_diamond_mine, uniq_erolcha
Orc:2:    st_orc_elflike, layout_caves, nicolae_orc_lost_temple

Skill      XL: |  1  2  3  4  5  6  7  8  9 10 11 12 13 14 15 16 17 18 |
---------------+-------------------------------------------------------+-----
Spellcasting   | 3 4 5 7 9 10 12 13 15 16 17 18 19 20 | 20.0
Fighting       | 1 2 3 4 5 6 7 8 9 10 11 | 11.6
Stealth        | 2 3 |  3.8
Maces & Flails | 1 2 3 |  3.8
Dodging        | 3 4 5 6 |  6.1
Armour         | 1 2 3 4 |  4.1
Shields        | 1 2 |  2.6

Action                   |  1- 3 |  4- 6 |  7- 9 | 10-12 | 13-15 | 16-18 || total
-------------------------+-------+-------+-------+-------+-------+-------++-------
Melee: Mace              |     1 |    50 |    38 |    17 |   206 |       ||   312
 Cast: Foxfire           |    71 |       |    62 |   350 |   466 |   430 ||  1379
       Scorch            |     6 |    42 |    85 |    42 |    34 |    68 ||   277
       Flame Wave        |       |       |    14 |    30 |    70 |    21 ||   135
       Ensorcelled Hiber |       |       |     2 |     3 |       |       ||     5
       Borgnjor's Vile C |       |       |       |    42 |   202 |   246 ||   490
       Dispel Undead     |       |       |       |       |     3 |       ||     3
Invok: Call Merchant     |       |       |       |       |     1 |       ||     1
  Use: Potion            |       |     2 |     3 |       |     1 |     1 ||     7
       Scroll            |       |     4 |     2 |     7 |     6 |     7 ||    26
 Stab: Distracted        |       |     1 |       |     1 |     2 |       ||     4
       Sleeping          |       |     1 |       |     1 |       |       ||     2
Armor: Robe              |     1 |    26 |    19 |     5 |       |       ||    51
       Steam dragon scal |       |       |       |    10 |       |       ||    10
       Troll leather arm |       |       |       |       |   169 |    25 ||   194
Dodge: Dodged            |    12 |    47 |    56 |    84 |   297 |    84 ||   580
Block: Kite shield       |       |       |       |       |       |   108 ||   108

Table legend: (Time is in decaauts)
 A = Elapsed time spent in this place.
 B = Non-inter-level travel time spent in this place.
 C = Inter-level travel time spent in this place.
 D = Time resting spent in this place.
 E = Time spent auto-exploring this place.
 F = Levels seen in this place.
 G = Mean time per level.
                   A        B        C        D        E       F      G
               +--------+--------+--------+--------+--------+-----+--------+
         Total |  25301 |  23681 |   1620 |    772 |  17549 |  32 |  790.7 |
       Dungeon |  14572 |  13712 |    860 |    408 |  10362 |  15 |  971.5 |
        Temple |    251 |    246 |      5 |      0 |    246 |   1 |  251.0 |
          Lair |   6472 |   5889 |    583 |    200 |   4593 |   6 | 1078.7 |
         Swamp |   2571 |   2463 |    108 |     64 |   1604 |   4 |  642.8 |
  Orcish Mines |    647 |    585 |     62 |      0 |    429 |   2 |  323.5 |
         Abyss |    118 |    118 |      0 |      0 |     45 |   1 |  118.0 |
        Bazaar |     77 |     77 |      0 |      0 |     49 |   1 |   77.0 |
         Sewer |    306 |    306 |      0 |      0 |    188 |   1 |  306.0 |
      Ice Cave |    283 |    283 |      0 |    100 |     33 |   1 |  283.0 |
               +--------+--------+--------+--------+--------+-----+--------+

Top non-repeatable levels by time:
     D:2: 1454 daAuts
  Lair:6: 1432 daAuts
     D:1: 1428 daAuts
    D:15: 1210 daAuts
  Lair:2: 1162 daAuts
    D:14: 1096 daAuts
  Lair:4: 1087 daAuts
    D:12: 1066 daAuts
     D:3: 1050 daAuts
  Lair:5: 1044 daAuts
     D:4: 1042 daAuts
  Lair:3: 928 daAuts
 Swamp:4: 915 daAuts
     D:8: 912 daAuts
     D:7: 846 daAuts
